 Dungeon Crawl Stone Soup version 0.31.0-11-ge490571c62 (webtiles) character file.

Game seed: 1228237138028278234

135 qw the Shooter (level 4, -1/23 HPs)
             Began as a Spriggan Hunter on Feb 4, 2024.
             Incinerated by a bombardier beetle (6 damage)
             ... with a burning spray
             ... on level 3 of the Dungeon.
             The game lasted 00:00:05 (1474 turns).

qw the Shooter (Spriggan Hunter)                    Turns: 1474, Time: 00:00:06

Health: -1/23      AC:  2    Str:  7    XL:     4   Next: 97%
Magic:  5/5        EV: 20    Int: 10    God:
Gold:   83         SH:  0    Dex: 20    Spells: 3/3 levels left

rFire   . . .        a - +0 shortbow
rCold   . . .        (shield currently unavailable)
rNeg    . . .        c - +0 robe
rPois   .            (helmet restricted)
rElec   .            (no cloak)
rCorr   .            (gloves unavailable)
SInv    +            (boots unavailable)
Will    .....        (no amulet)
Stlth   +            (no ring)
HPRegen 0.23/turn    (no ring)
MPRegen 0.09/turn

%: no passive effects
@: on fire, glowing, very quick
A: very small, no large weapons, unfitting armour, see invisible, speed 3
a: no special abilities


You were on level 3 of the Dungeon.
You visited 1 branch of the dungeon, and saw 3 of its levels.

You collected 83 gold pieces.


Innate Abilities, Weirdness & Mutations

You are very small and have problems with some larger weapons.
You are too small for most types of armour.
You have supernaturally acute eyesight. (SInv)
You cover ground extremely quickly. (Speed+++)


   Skills:
 - Level 2.3 Fighting
 + Level 5.0 Ranged Weapons
 - Level 5.0 Dodging
 - Level 1.5 Stealth


You had 3 spell levels left.
You didn't know any spells.
Your spell library was empty.

Inventory:

Hand Weapons
 a - a +0 shortbow (weapon)
Armour
 c - a +0 robe (worn)
Scrolls
 b - a scroll of identify
Potions
 d - a potion of haste {unknown}
 f - a potion of cancellation
 h - a potion of curing

Dungeon Overview and Level Annotations

Branches:
Dungeon (3/15)

Altars:
Fedhas
Vehumet

Shops:
D:3 :


Message History

There is an entrance to Woec's Book Shoppe here.
There is an entrance to Woec's Book Shoppe here.
Found a dagger.
Found a stone staircase leading up.
Enter note: You see here a +0 dagger.
A bombardier beetle and a goblin come into view.
Found a scroll of teleportation.
Found a radiant altar of Vehumet.
You shoot an arrow. The arrow hits the goblin!
You kill the goblin!
Your Dodging skill increases to level 5!
You shoot an arrow.
The arrow hits the bombardier beetle but does no damage.
You shoot an arrow.
The arrow hits the bombardier beetle but does no damage.
You shoot an arrow. The arrow hits the bombardier beetle!
The bombardier beetle is heavily wounded.
You shoot an arrow. The arrow hits the bombardier beetle.
The bombardier beetle is severely wounded.
The bombardier beetle closely misses you.
You shoot an arrow.
The arrow barely misses the bombardier beetle.
The bombardier beetle sprays incendiary fluid at you.
The burning spray hits you.
You are covered in liquid fire!
You shoot an arrow. The arrow hits the bombardier beetle.
You kill the bombardier beetle!
The liquid fire burns you!
Your Fighting skill increases to level 2!
You are on fire!
The liquid fire burns you!
You are on fire!
The liquid fire burns you!
You are on fire!
The liquid fire burns you!
You are on fire!
The liquid fire burns you!
You are on fire!
The liquid fire burns you!
You die...

#.##.......###.#
#..........# #.#
........# #.#
.###.#### #.#
...#####.#######
.......)......#
#.#####.#####.#
####.##.....
#...@...#
#.##%#..# #
#<...)..
#......_.
#.#.#....
#.#?###.. ....#
.. #.. #


There were no monsters in sight!

Vanquished Creatures
  2 bombardier beetles (D:3)
  An adder (D:2)
  8 ball pythons
  5 endoplasms
  3 giant cockroaches
  6 goblins
  7 hobgoblins
  4 quokkas
  5 bats
  5 frilled lizards
  3 kobolds
  A rat (D:2)
50 creatures vanquished.

Notes
Turn   | Place    | Note
-------+----------+-------------------------------------------
     0 | D:1      | qw the Spriggan Hunter began the quest for the Orb.
     0 | D:1      | Reached XP level 1. HP: 10/10 MP: 2/2
     0 | D:1      | 0 ||| qw: Version: 0.3-a-160-g6735b56
     0 | D:1      | 0 ||| qw: Game counter: 5548
     0 | D:1      | 0 ||| qw: Melee chars always use a shield: true
     0 | D:1      | 0 ||| qw: God list: Okawaru
     0 | D:1      | 0 ||| qw: Allow faded altars: false
     0 | D:1      | 0 ||| qw: Do Orc after clearing Dungeon:15 true
     0 | D:1      | 0 ||| qw: Do second Lair branch before Depths: true
     0 | D:1      | 0 ||| qw: Lair rune preference: random
     0 | D:1      | 0 ||| qw: Goals: Normal
     0 | D:1      | 0 ||| PLANNING D:1-11
    62 | D:1      | Reached skill level 3 in Dodging
   107 | D:1      | Reached XP level 2. HP: 14/14 MP: 3/3
   580 | D:1      | Reached XP level 3. HP: 18/18 MP: 4/4
   707 | D:1      | Found a faded altar of an unknown god.
   707 | D:1      | Noticed a ynoxinul
   847 | D:1      | 847 ||| READING 2 scrolls labelled NEGROI ZUASCHAU.
   847 | D:1      | 847 ||| IDENTIFYING sapphire potion
   848 | D:1      | 848 ||| READING scroll of identify.
   848 | D:1      | 848 ||| IDENTIFYING red potion
   849 | D:1      | 849 ||| READING scroll labelled PIETHA QEESEQI.
   854 | D:1      | 854 ||| READING scroll labelled YREONIRHUE.
   855 | D:1      | 855 ||| DROPPING scroll of butterflies.
   864 | D:2      | 864 ||| STAIRDANCE
  1373 | D:3      | Found a blossoming altar of Fedhas.
  1407 | D:3      | Reached XP level 4. HP: 22/22 MP: 5/5
  1425 | D:3      | Found Woec's Book Shoppe.
  1461 | D:3      | Found a radiant altar of Vehumet.
  1473 | D:3      | HP: 4/23 [burnt (5)]
  1474 | D:3      | Incinerated by a bombardier beetle

Levels and vault maps discovered:
D:1:      psy_arrival_radial02, layout_basic,
          dreamdust_ecumenical_altar_sealed_demon
D:2:      layout_rooms
D:3:      layout_loops_cross, mainiacjoe_overflow_24_doors,
          grunt_temple_overflow_open, mainiacjoe_overflow_boulevard,
          serial_shops, nicolae_shop_competitors_out_of_business,
          nicolae_book_shop_shelving, nicolae_square_shop, minmay_diced_spiral

Skill      XL: |  1  2  3  4 |
---------------+-------------+-----
Dodging        | 3 4 5 |  5.0
Ranged Weapons | 5 |  5.0
Fighting       | 2 |  2.3
Stealth        | |  1.5

Action                     |  1- 3 |  4- 6 || total
---------------------------+-------+-------++-------
   Fire: Shortbow          |   112 |     9 ||   121
    Use: Scroll            |     4 |       ||     4
 Armour: Robe              |     7 |       ||     7
  Dodge: Dodged            |    39 |     1 ||    40

Table legend:
 A = Non-vault XP
 B = Vault XP
 C = Vault XP percentage of total XP
 D = Non-vault monster count
 E = Vault monster count
 F = Vault count percentage of total count
                 A         B        C        D         E       F
            +---------+---------+-------+---------+---------+-------
      Total |     194 |       0 |   0.0 |      50 |       0 |   0.0
            +---------+---------+-------+---------+---------+-------
        D:1 |      47 |       0 |   0.0 |      28 |       0 |   0.0
        D:2 |      39 |       0 |   0.0 |      17 |       0 |   0.0
        D:3 |     108 |       0 |   0.0 |       5 |       0 |   0.0
            +---------+---------+-------+---------+---------+-------
